engelson, lawful male dwarven Archeologist -.--- |...| ....| |...| f@##############################..<.| ----- engelson the Field Worker Experience level: 4 Strength: 11 Dexterity: 14 Constitution: 12 Intelligence: 16 Wisdom: 16 Charisma: 9 Health: 0(30) Energy: 10(10) Def: 1 Gold: 947 Moves: 2136 Dungeon seed: SdI6m0abXvL3v9ON Game ID: engelson_1465032257 Your Inventory: Coins $ - 947 gold pieces Weapons a - a +2 bullwhip (weapon in hand) Armor e - an uncursed +0 leather jacket (being worn) n - a blessed +0 fedora (being worn) Comestibles b - 3 uncursed food rations r - an uncursed fortune cookie Scrolls u - an uncursed scroll of scare monster v - a cursed scroll of genocide C - an uncursed scroll of identify Potions j - a cursed potion of healing x - 2 uncursed potions of water z - an uncursed potion of extra healing A - a cursed potion of speed Wands d - a wand of light (0:13) k - a wand of undead turning (0:6) s - a wand of enlightenment (0:13) t - a wand of enlightenment (0:12) B - a wand of digging (0:7) Tools c - a +0 pick-axe (alternate weapon; not wielded) f - a tinning kit (0:96) g - an uncursed sack h - an uncursed tin opener i - an uncursed oil lamp (0:1174) p - an uncursed skeleton key Gems q - an uncursed touchstone Spells and supernatural/magical abilities: Name Level Category Fail Memory W - pray for help -- divine ? -- Your skills at the end: Miscellaneous Skills wands [Basic] Weapon Skills pick-axe [Basic] whip [Basic] Spellcasting Skills Final Attributes: You were fervently aligned. You had infravision. You were stealthy. You were fast. You are dead. Vanquished creatures: a fog cloud a little dog an iguana a monkey a large kobold a gecko a giant rat a cave spider 9 jackals a fox 6 newts 2 grid bugs a lichen 27 creatures vanquished. Voluntary challenges: You followed a strict vegan diet. You did not adorn yourself with jewelry or accessories. You used a wielded weapon 50 times, starting on turn 10. You did not use containers. You did not apply a unicorn horn. You read items or engraved 16 times, starting on turn 324. You never genocided any monsters. You never polymorphed an object. You never changed form. You used no wishes. You never split a pudding. You wrote Elbereth's name 14 times, starting on turn 324. You never violated your personal moral code. Dungeon overview: The Dungeons of Doom: levels 1 to 11 Level 1 a long staircase Level 2 some fountains Level 3 a fountain Level 4 a general store Level 5 Level 6 a fountain a long staircase Level 7 some fountains, a sink Level 8 a scroll shop, a fountain Level 9 some altars to Quetzalcoatl and Huhetotl Level 10 Level 11 <- You were here History has recorded: On T:1 you entered the Dungeons of Doom to retrieve the Amulet of Yendor! On T:290 you reached level 2 of The Dungeons of Doom. On T:536 you reached level 3 of The Dungeons of Doom. On T:803 you reached level 4 of The Dungeons of Doom. On T:859 you reached level 5 of The Dungeons of Doom. On T:891 you reached level 6 of The Dungeons of Doom. On T:949 you advanced to experience level 2. On T:1003 you reached level 7 of The Dungeons of Doom. On T:1334 you advanced to experience level 3. On T:1531 you reached level 8 of The Dungeons of Doom. On T:1787 you reached level 9 of The Dungeons of Doom. On T:1873 you reached level 10 of The Dungeons of Doom. On T:1952 you reached level 11 of The Dungeons of Doom. On T:2130 you advanced to experience level 4. Score breakdown: Gold: 947 ( 94 points) Experience: 4 levels ( 300 points) Exploration: 11 levels ( 300 points) Discoveries: 3 items ( 150 points) Variety of kills: 13 monsters ( 650 points) Major goal: (nothing yet) ( 0 points) Survival: died (score multiplied by 3) Total score: 4482 Latest messages: You add to the writing in the dust with your fingers. (2x) The dog turns to flee! You add to the writing in the dust with your fingers. You finish waiting. You add to the writing in the dust with your fingers. You finish waiting. (3x) You add to the writing in the dust with your fingers. Your writing hand is beginning to cramp. You finish waiting. Something is written here in the dust. You read: "El|eretn". You kill the newt! Welcome to experience level 4. The jaguar claws you! (2x) The jaguar bites! The jaguar claws you! (2x) The jaguar bites! You whip the jaguar. The jaguar claws you! (2x) You die... The sack is empty. The sack is empty. Final status: Goodbye engelson the Archeologist, killed by a jaguar... You died in The Dungeons of Doom on dungeon level 11 with 4482 points, and 947 pieces of gold, after 2136 moves. You were level 4 with a maximum of 30 hit points when you died.